 Dungeon Crawl Stone Soup version 0.24.0-1-gfbc8707 (webtiles) character file.

Game seed: 13263905822118379333, levelgen mode: deterministic

2489 tkappleton the Carver (level 9, -1/177 HPs)
             Began as a Minotaur Berserker on Nov 6, 2019.
             Was an Elder of Trog.
             Slain by a hippogriff (4 damage)
             ... on level 7 of the Dungeon.
             The game lasted 00:31:40 (6449 turns).

tkappleton the Carver (Minotaur Berserker)          Turns: 6449, Time: 00:31:42

Health: -1/177     AC: 24    Str: 26 (27) XL:     9   Next: 27%
Magic:  8/8        EV:  2    Int:  2 (4)  God:    Trog [****..]
Gold:   360        SH:  0    Dex: 19 (20) Spells: 8/8 levels left

rFire    x . .     SeeInvis .   a - +0 falchion
rCold    + . .     Gourm    .   (no shield)
rNeg     + + +     Faith    .   (armour currently unavailable)
rPois    +         Spirit   .   (helmet currently unavailable)
rElec    .         Reflect  .   (cloak currently unavailable)
rCorr    .         Harm     .   (gloves currently unavailable)
MR       .....     NoTele   +   (boots currently unavailable)
Stlth    ..........             (no amulet)
HPRegen  0.39/turn              o - +2 ring of evasion
MPRegen  0.11/turn              I - ring of ice

@: agile, berserking, lethally poisoned (-1 -> -1), tree-form (expiring), very
slightly contaminated, hasted and slowed
A: (retaliatory headbutt), agile 1
a: Berserk, Trog's Hand, Brothers in Arms, Renounce Religion


You were on level 7 of the Dungeon.
You worshipped Trog.
Trog was greatly pleased with you.
You were very hungry.
You were a tree.
You visited 1 branch of the dungeon, and saw 7 of its levels.

You collected 360 gold pieces.

Inventory:

Hand Weapons
 a - a +0 falchion (weapon)
Missiles
 g - 126 stones
 p - 7 boomerangs (quivered)
 y - 2 javelins
 H - a silver javelin
Armour
 u - a +2 chain mail of cold resistance (melded)
 v - a +0 cloak
 w - a scarf of repulsion (melded)
Jewellery
 o - a +2 ring of evasion (left branch)
 I - a ring of ice (right branch)
Wands
 B - a wand of enslavement (6)
Scrolls
 f - 2 scrolls of immolation {unknown}
 i - 4 scrolls of teleportation {unknown}
 j - 8 scrolls of identify {unknown}
 l - 7 scrolls of remove curse {unknown}
 m - 4 scrolls of blinking {unknown}
 n - 2 scrolls of amnesia {unknown}
 r - a scroll of fear {unknown}
 D - 2 scrolls of enchant weapon {unknown}
 E - 2 scrolls of fog {unknown}
 F - a scroll of magic mapping {unknown}
Potions
 d - a potion of degeneration
 e - a potion of ambrosia
 h - 2 potions of haste
 t - a potion of berserk rage
 z - a potion of lignification
 A - a potion of flight {unknown}
 C - a potion of invisibility
 G - a potion of curing {unknown}
Comestibles
 c - 19 rations


   Skills:
 + Level 7.1 Fighting
 - Level 11.2 Long Blades
 + Level 4.8 Throwing
 - Level 2.4 Armour
 - Level 2.1 Dodging
 + Level 4.3 Stealth


You had 8 spell levels left.
You didn't know any spells.
Your spell library was empty.

Dungeon Overview and Level Annotations

Branches:
Dungeon (7/15)
 Temple: D:4-7

Altars:
Cheibriados
Elyvilon
Fedhas
Gozag
Kikubaaqudgha
Makhleb
Sif Muna
Trog
Uskayaw
Xom
The Shining One

Annotations:
D:7 apoch's ghost, novice GrFi


Innate Abilities, Weirdness & Mutations

((You reflexively headbutt those who attack you in melee.))
((You have a pair of horns on your head.))
((You have large cloven feet.))
You are agile. (Dex +2)


Message History

You slash the hungry ghost!
You destroy the hungry ghost!
Trog accepts your kill.
Your Fighting skill increases to level 7!
Your transformation is almost over.
Your extra speed is starting to run out.
The hound bites you but does no damage.
The hippogriff bites you but does no damage.
The hippogriff pecks you but does no damage.
The hippogriff claws you but does no damage.
The ogre hits you but does no damage.
The quokka bites you but does no damage.
You barely miss the ogre. The hound bites you.
* * * LOW HITPOINT WARNING * * *
The hippogriff bites you.
* * * LOW HITPOINT WARNING * * *
The hippogriff pecks you.
* * * LOW HITPOINT WARNING * * *
The hippogriff claws you.
You die...

########
##......##
#........##
...!(.....#
..........#
......OH..#
.....rh♣..#
......W...#
.........#...
.......... ##..
...........
..........###.♣.
..........###...
................
#.... ##


You could see a hippogriff, a phantom, an ogre, a hound and a quokka.

Vanquished Creatures
  2 hippogriffs (D:7)
  A hungry ghost (D:7)
  Edmund (D:6)
  An orc warrior (D:6)
  2 ogres
  A sky beast (D:6)
  A black bear (D:6)
  2 centaurs
  4 bullfrogs
  A wyvern zombie (D:6)
  2 scorpions (D:6)
  A howler monkey (D:4)
  A centaur zombie (D:5)
  3 hounds
  An iron imp (D:6)
  An orc priest (D:6)
  A bullfrog skeleton (D:6)
  2 centaur skeletons
  An iguana (D:4)
  3 orc wizards
  Natasha (thrice) (D:4)
  5 worker ants
  5 gnolls
  7 adders
  A shadow imp (D:5)
  An adder zombie (D:6)
  An adder skeleton (D:5)
  3 dart slugs
  10 leopard geckos
  15 orcs
  3 ball pythons (D:2)
  12 bats
  4 giant cockroaches
  8 goblins
  9 hobgoblins
  6 jackals
  3 quokkas
  8 frilled lizards
  13 kobolds
  9 rats
158 creatures vanquished.

Notes
Turn   | Place    | Note
-------+----------+-------------------------------------------
     0 | D:1      | tkappleton the Minotaur Berserker began the quest for the
                  | Orb.
     0 | D:1      | Reached XP level 1. HP: 19/19 MP: 0/0
   123 | D:1      | Reached skill level 4 in Long Blades
   137 | D:1      | Reached XP level 2. HP: 23/26 MP: 1/1
   702 | D:1      | Reached skill level 5 in Long Blades
   775 | D:1      | Reached XP level 3. HP: 31/31 MP: 2/2
  1003 | D:2      | Reached ** piety under Trog
  1373 | D:2      | Found a shimmering blue altar of Sif Muna.
  1694 | D:2      | Reached XP level 4. HP: 39/39 MP: 3/3
  1768 | D:2      | Reached skill level 6 in Long Blades
  2198 | D:3      | Reached *** piety under Trog
  2202 | D:3      | Reached XP level 5. HP: 35/45 MP: 4/4
  2204 | D:3      | Reached skill level 7 in Long Blades
  2329 | D:3      | Found a glowing golden altar of the Shining One.
  2906 | D:4      | Noticed Natasha
  2911 | D:4      | Killed Natasha
  2916 | D:4      | Reached skill level 8 in Long Blades
  2979 | D:4      | Noticed Natasha
  2989 | D:4      | Killed Natasha
  2989 | D:4      | Reached XP level 6. HP: 42/51 MP: 5/5
  3237 | D:4      | Noticed Natasha
  3240 | D:4      | Killed Natasha
  3371 | D:4      | Reached skill level 9 in Long Blades
  3967 | D:4      | Reached XP level 7. HP: 51/57 MP: 6/6
  4136 | D:5      | Entered Level 5 of the Dungeon
  4140 | D:5      | Reached **** piety under Trog
  4175 | D:5      | Reached skill level 10 in Long Blades
  4672 | D:5      | Found a blossoming altar of Fedhas.
  4679 | D:5      | Found an ancient bone altar of Kikubaaqudgha.
  4684 | D:5      | Found a bloodstained altar of Trog.
  4695 | D:5      | Found a white marble altar of Elyvilon.
  4702 | D:5      | Found a burning altar of Makhleb.
  4710 | D:5      | Found a hide-covered altar of Uskayaw.
  4717 | D:5      | Found an opulent altar of Gozag.
  4931 | D:6      | Noticed Edmund
  4944 | D:6      | Killed Edmund
  4944 | D:6      | Reached skill level 11 in Long Blades
  5133 | D:6      | Reached skill level 1 in Throwing
  5133 | D:6      | Reached skill level 1 in Stealth
  5133 | D:6      | Reached XP level 8. HP: 57/66 MP: 7/7
  5470 | D:6      | Found a snail-covered altar of Cheibriados.
  5499 | D:6      | Reached skill level 5 in Fighting
  5913 | D:6      | Received a gift from Trog
  6008 | D:7      | Noticed a hippogriff
  6018 | D:7      | Killed a hippogriff
  6122 | D:7      | Noticed a hippogriff
  6124 | D:7      | Reached XP level 9. HP: 73/77 MP: 8/8
  6393 | D:7      | Found a runed translucent door.
  6395 | D:7      | Found a shimmering altar of Xom.
  6395 | D:7      | Noticed apoch's ghost (novice GrFi)
  6396 | D:7      | Noticed a +1 hand axe of chaos
  6427 | D:7      | Gained mutation: You have large cloven feet. [potion of
                  | mutation]
  6427 | D:7      | Gained mutation: You are agile. (Dex +2) [potion of
                  | mutation]
  6449 | D:7      | HP: 5/177 [hound (4)]
  6449 | D:7      | Slain by a hippogriff

Levels and vault maps discovered:
D:1:      wheals_arrival_linesprint, layout_basic
D:2:      minmay_chambers_of_twos, layout_loops_ring, lemuel_blue_sif_altar,
          minmay_misc_feat_tiny, minmay_puff
D:3:      layout_rooms, lemuel_round_altar, first_ration, serial_forest,
          infiniplex_forest_clump_small, infiniplex_forest_end_2,
          infiniplex_forest_clump_tiny, infiniplex_forest_lined_ring,
          infiniplex_forest_clump_large
D:4:      layout_basic, uniq_natasha
D:5:      layout_rooms, grunt_temple_overflow_octagram
D:6:      layout_loops_ring, slow_altar_2, uniq_edmund
D:7:      layout_rooms, temple_doors_ab, ebering_ghost_xom,
          chequers_mini_garden, grunt_ogre_cave

Skill      XL: |  1  2  3  4  5  6  7  8  9 |
---------------+----------------------------+-----
Long Blades    | 4 5 6 8 9 11 | 11.2
Fighting       | 4 6 7 |  7.1
Throwing       | 1 4 |  4.8
Stealth        | 1 3 4 |  4.3
Armour         | |  2.4
Dodging        | |  2.1

Action                   |  1- 3 |  4- 6 |  7- 9 || total
-------------------------+-------+-------+-------++-------
Melee: Falchion          |    66 |   106 |   185 ||   357
       Headbutt          |    11 |    25 |    48 ||    84
Throw: Stone             |    46 |    53 |    11 ||   110
       Javelin           |    13 |    45 |    26 ||    84
       Boomerang         |       |       |    36 ||    36
Invok: Berserk           |       |       |     2 ||     2
       Trog's Hand       |       |       |     1 ||     1
       Brothers in Arms  |       |       |     1 ||     1
  Use: Potion            |       |       |     9 ||     9
 Stab: Sleeping          |     1 |       |       ||     1
  Eat: Chunk             |     2 |     8 |    16 ||    26
Armor: Animal skin       |    17 |     4 |       ||    21
       Scale mail        |       |    13 |    13 ||    26
       Chain mail        |       |       |    46 ||    46
       Skin              |       |       |    68 ||    68
Dodge: Dodged            |    47 |    57 |    84 ||   188
       Deflected         |       |     1 |     2 ||     3
       Rpst.: Falchion   |    15 |    12 |    22 ||    49
